 Dungeon Crawl Stone Soup version 0.25.1-2-g60ff931df9 (webtiles) character file.

Game seed: 15471657368766945855

79 funkygono the Conjurer (level 4, -1/33 HPs)
             Began as a Draconian Conjurer on Aug 17, 2020.
             Succumbed to Sigmund's poison
             ... on level 2 of the Dungeon.
             The game lasted 00:03:11 (1819 turns).

funkygono the Conjurer (Draconian Conjurer)         Turns: 1819, Time: 00:03:12

Health: -1/33      AC:  5    Str: 11    XL:     4   Next: 17%
Magic:  1/8        EV: 12    Int: 16    God:
Gold:   47         SH:  5    Dex: 11    Spells: 2/8 levels left

rFire    . . .     SeeInvis .   n - +0 whip (elec)
rCold    . . .     Gourm    .   (no shield)
rNeg     . . .     Faith    .   (armour unavailable)
rPois    .         Spirit   .   (helmet restricted)
rElec    .         Reflect  +   (no cloak)
rCorr    .         Harm     .   (no gloves)
MR       .....                  (no boots)
Stlth    ++........             d - amulet of reflection
HPRegen  0.11/turn              (no ring)
MPRegen  0.11/turn              (no ring)

@: lethally poisoned (-1 -> -29)
A: unfitting armour, cold-blooded, AC +5
a: no special abilities


You were on level 2 of the Dungeon.
You were not hungry.

You visited 1 branch of the dungeon, and saw 2 of its levels.

You collected 47 gold pieces.

Inventory:

Hand Weapons
 n - a +0 whip of electrocution (weapon)
Missiles
 a - 50 stones (quivered)
Jewellery
 d - an amulet of reflection (around neck)
Scrolls
 h - a scroll of identify
Potions
 e - a potion of haste
 f - a potion of flight {unknown}
 g - a potion of curing {unknown}
 j - a potion of ambrosia {unknown}
 k - 2 potions of stabbing
 m - a potion of heal wounds {unknown}
Comestibles
 b - 4 rations
 c - 4 chunks of flesh


   Skills:
 + Level 0.2 Maces & Flails
 + Level 1.8 Dodging
 + Level 2.0 Stealth
 * Level 2.6 Spellcasting
 * Level 5.2 Conjurations


You had 2 spell levels left.
You knew the following spells:

 Your Spells              Type           Power        Failure   Level  Hunger
a - Magic Dart            Conj           ###.         2%          1    #......
b - Searing Ray           Conj           ###...       3%          2    ##.....
c - Dazzling Flash        Conj/Hex       ##....       21%         3    ###....

Your spell library contained the following spells:

 Spells                   Type           Power        Failure   Level  Hunger
 Fulminant Prism          Conj/Hex       ##........   54%         4    #####..
 Iskenderun's Mystic Bla  Conj/Tloc      ##......     54%         4    #####..


Dungeon Overview and Level Annotations

Branches:
Dungeon (2/15)

Altars:

Annotations:
D:2 Sigmund


Innate Abilities, Weirdness & Mutations

Your plain brown scales are hard. (AC +5)
You cannot fit into any form of body armour.
You are cold-blooded and may be slowed by cold attacks.


Message History

Sigmund hits you from afar with a +0 scythe of venom!
You are lethally poisoned!
The searing ray hits Sigmund.
Sigmund is heavily wounded.
You feel sick. Sigmund misses you.
The searing ray hits Sigmund.
Sigmund is severely wounded.
You finish channeling your searing ray.
You feel sick.
You feel sick.
Sigmund hits you from afar with a +0 scythe of venom!
* * * LOW HITPOINT WARNING * * *
You are more poisoned.
Casting: Searing Ray (safe; 3% risk of failure)
Confirm with . or Enter, or press ? or * to list all spells.
Aiming: Magic Dart (safe; 2% risk of failure)
Press: ? - help, Shift-Dir - straight line, f/p - Sigmund
Aim: Sigmund, wielding a +0 scythe of venom, wearing a +1 robe of positive energy and carrying a wand of random effects (22) (severely wounded)
The magic dart hits Sigmund but does no damage.
Sigmund is severely wounded.
You die...

.# ##.####### .. .##
#.......# . ..####.......#
##. #....#.......# #..
...#.........# #.#
..####.......## #@#
.####.........####.# .#
#..#######....#@## .###.##
###.@...# .....# ##...####
.##### #####...## ###
##.....#.# ..######..####..#
#........## ##.##
....####..###..#############
#.### ##.....###..........#
#.# #####..............#


You could see Sigmund.

Vanquished Creatures
  An iguana (D:2)
  An adder (D:2)
  2 dart slugs (D:1)
  A leopard gecko (D:2)
  A ball python (D:1)
  2 giant cockroaches (D:2)
  9 goblins
  3 hobgoblins
  3 kobolds
  7 bats
  5 frilled lizards
  3 rats
38 creatures vanquished.

Notes
Turn   | Place    | Note
-------+----------+-------------------------------------------
     0 | D:1      | funkygono the Draconian Conjurer began the quest for the
                  | Orb.
     0 | D:1      | Reached XP level 1. HP: 14/14 MP: 3/3
   430 | D:1      | Reached XP level 2. HP: 20/20 MP: 1/5
   442 | D:1      | Learned a level 2 spell: Searing Ray
  1305 | D:2      | Reached XP level 3. HP: 26/26 MP: 4/6
  1476 | D:2      | Reached skill level 5 in Conjurations
  1620 | D:2      | Reached XP level 4. HP: 28/33 MP: 0/7
  1632 | D:2      | Learned a level 3 spell: Dazzling Flash
  1805 | D:2      | Noticed Sigmund
  1818 | D:2      | HP: 1/33 [Sigmund/+0 scythe of venom (10)]
  1819 | D:2      | Succumbed to Sigmund's poison

Illustrated notes

Levels and vault maps discovered:
D:1:      dpeg_arrival_arbitrary_c, layout_loops_corners
D:2:      layout_rooms, minmay_goblin_outpost, uniq_sigmund

Skill      XL: |  1  2  3 |
---------------+----------+-----
Stealth        | 2 |  2.0
Conjurations   | 5 |  5.2
Maces & Flails | |  0.2
Dodging        | |  1.8
Spellcasting   | |  2.6

Action                   |  1- 3 |  4- 6 || total
-------------------------+-------+-------++-------
Melee: Unarmed           |     1 |       ||     1
       Whip              |    11 |     3 ||    14
 Cast: Magic Dart        |    52 |     5 ||    57
       Searing Ray       |     3 |     2 ||     5
  Use: Scroll            |     4 |       ||     4
  Eat: Chunk             |     3 |     1 ||     4
Armor: Skin              |     6 |     1 ||     7
Dodge: Dodged            |     9 |     2 ||    11
Block: Other             |     2 |     2 ||     4
